 Dungeon Crawl Stone Soup version 0.31-a0-202-g547052bce9 (webtiles) character file.

Game seed: 14771151449270034429

78 qw the Shooter (level 4, -4/25 HPs)
             Began as a Deep Elf Hunter on June 26, 2023.
             Slain by Grinder (11 damage)
             ... while paralysed by Grinder
             ... on level 3 of the Dungeon.
             The game lasted 00:00:37 (2383 turns).

qw the Shooter (Deep Elf Hunter)                    Turns: 2383, Time: 00:00:38

Health: -4/25      AC:  7    Str: 10    XL:     4   Next: 15%
Magic:  6/6        EV:  2    Int: 14    God:
Gold:   126        SH:  0    Dex: 18    Spells: 3/3 levels left

rFire   . . .        Y - +0 shortbow
rCold   . . .        (shield currently unavailable)
rNeg    + . .        d - +0 ring mail
rPois   .            (no helmet)
rElec   .            (no cloak)
rCorr   .            (no gloves)
SInv    .            k - +1 pair of boots {Fly}
Will    .....        (no amulet)
Stlth   +            i - ring of positive energy
HPRegen 0.24/turn    (no ring)
MPRegen 0.10/turn

%: no passive effects
@: paralysed, flying
A: no striking features
a: no special abilities


You were on level 3 of the Dungeon.
You visited 1 branch of the dungeon, and saw 3 of its levels.

You collected 126 gold pieces.


   Skills:
 - Level 1.5 Fighting
 + Level 7.6 Ranged Weapons
 - Level 2.4 Dodging
 - Level 1.2 Stealth


You had 3 spell levels left.
You didn't know any spells.
Your spell library was empty.

Inventory:

Hand Weapons
 Y - a +0 shortbow (weapon)
Armour
 d - a +0 ring mail (worn)
 f - the +3 leather armour of Fynka {Contam rC+ rCorr}
   (You found it on level 3 of the Dungeon)

   rC:        It protects you from cold.
   Contam:    It causes magical contamination when unequipped.
   rCorr:     It protects you from acid and corrosion.
 k - a +1 pair of boots of flying (worn)
Jewellery
 i - a ring of positive energy (left hand)
Scrolls
 a - a scroll of summoning {unknown}
 b - 2 scrolls of silence {unknown}
 c - 2 scrolls of identify
 l - a scroll of fog {unknown}
Potions
 e - a potion of heal wounds
 g - a potion of ambrosia {unknown}
 h - a potion of resistance {unknown}
 j - 2 potions of haste {unknown}
 m - 2 potions of lignification {unknown}

Dungeon Overview and Level Annotations

Branches:
Dungeon (3/15)

Altars:
Elyvilon
Qazlal

Shops:
D:1 (

Annotations:
D:3 Grinder


Message History

You shoot an arrow. The arrow hits Grinder.
Grinder is lightly wounded.
A bat comes into view.
You shoot an arrow.
The arrow hits Grinder but does no damage.
Grinder is lightly wounded.
You shoot an arrow. The arrow misses the bat.
The arrow hits Grinder.
Grinder is lightly wounded.
The bat barely misses you.
You shoot an arrow. The arrow closely misses Grinder.
The arrow hits the bat!
You kill the bat!
Grinder gestures at you. You resist with significant effort.
You shoot an arrow. The arrow hits Grinder!
Grinder is moderately wounded.
Grinder hits you but does no damage. Grinder gestures at you.
You are unaffected.
You shoot an arrow. The arrow hits Grinder.
Grinder is heavily wounded.
Grinder hits you.
You writhe in agony.
You shoot an arrow. The arrow closely misses Grinder.
Grinder drinks a potion.
Grinder seems to grow stronger.
You shoot an arrow. The arrow hits Grinder.
Grinder is heavily wounded.
Grinder hits you!
You writhe in agony.
You shoot an arrow. The arrow hits Grinder.
Grinder is severely wounded.
Grinder closely misses you.
You shoot an arrow. The arrow closely misses Grinder.
Grinder barely misses you. Grinder gestures at you.
You barely resist. You shoot an arrow. The arrow barely misses Grinder.
Grinder says, "What is the universe for?"
Grinder gestures at you.
You suddenly lose the ability to move!
Grinder hits you. Grinder hits you!
You die...

#.......#.# #.. #.......#.# #..
#....%..#.# # #.. #.......#.# ..
#.. #.......#.# .# #..
###'###.#.#### ..# #.. #.#
#.#.#..# ...# #.. #.#
#.#.#..##....#########..
######.###.#.#..@5%...+.)........
#........#.#.##.##....###........
#%###.##.#.#....# #### #........
#..<#.##.#.##############........
#####.##.#..............'.......<
......##.################........
########.........................
...............##################
#############.#### #...........


You could see Grinder (strong).

Vanquished Creatures
  4 adders
  2 worms
  A dart slug (D:1)
  5 ball pythons
  An endoplasm (D:1)
  2 giant cockroaches
  A goblin (D:3)
  2 hobgoblins
  7 bats
  3 frilled lizards
  3 kobolds
  6 rats
37 creatures vanquished.

Notes
Turn   | Place    | Note
-------+----------+-------------------------------------------
     0 | D:1      | qw the Deep Elf Hunter began the quest for the Orb.
     0 | D:1      | Reached XP level 1. HP: 12/12 MP: 3/3
     0 | D:1      | 0 ||| qw: Version: 0.3-a-22-g0ed2b0b
     0 | D:1      | 0 ||| qw: Game counter: 5768
     0 | D:1      | 0 ||| qw: Melee chars always use a shield: true
     0 | D:1      | 0 ||| qw: God list: Okawaru
     0 | D:1      | 0 ||| qw: Allow faded altars: false
     0 | D:1      | 0 ||| qw: Do Orc after clearing Dungeon:15 true
     0 | D:1      | 0 ||| qw: Do second Lair branch before Depths: true
     0 | D:1      | 0 ||| qw: Lair rune preference: random
     0 | D:1      | 0 ||| qw: Goals: Normal
     0 | D:1      | 0 ||| PLANNING D:1-11
   333 | D:1      | Found Deith's Weapon Shoppe.
   697 | D:1      | 697 ||| UPGRADING to +0 ring mail.
   707 | D:1      | 707 ||| DROPPING +0 leather armour.
   708 | D:1      | 708 ||| DROPPING ring of flight.
   709 | D:1      | 709 ||| READING scroll labelled VIOF PYUCIU.
   710 | D:1      | 710 ||| DROPPING scroll of butterflies.
   772 | D:2      | Reached skill level 6 in Ranged Weapons
   772 | D:2      | Reached XP level 2. HP: 16/16 MP: 4/4
  1211 | D:2      | Reached XP level 3. HP: 19/20 MP: 5/5
  1436 | D:2      | Reached skill level 7 in Ranged Weapons
  1690 | D:2      | 1690 ||| UPGRADING to +1 pair of boots of flying.
  1695 | D:2      | 1695 ||| UPGRADING to ring of positive energy.
  1696 | D:2      | 1696 ||| READING scroll labelled DUPHEC HEOR.
  1697 | D:2      | 1697 ||| READING 4 scrolls labelled NAQEUH QEIDI.
  1698 | D:2      | 1698 ||| READING scroll labelled XOAWIC HUNIES.
  1702 | D:2      | 1702 ||| READING scroll labelled XUUXEU LOEVUBB.
  1703 | D:2      | 1703 ||| READING scroll labelled SOYPSUDOHIMN.
  1704 | D:2      | 1704 ||| READING 3 scrolls of identify.
  1704 | D:2      | 1704 ||| IDENTIFYING lumpy golden potion
  1705 | D:2      | 1705 ||| READING 2 scrolls of identify.
  1705 | D:2      | 1705 ||| IDENTIFYING grey potion
  1706 | D:2      | 1706 ||| DROPPING potion of berserk rage.
  1837 | D:3      | Found a white marble altar of Elyvilon.
  1841 | D:3      | Identified the +3 leather armour of Fynka {Contam rC+
                  | rCorr}
  1857 | D:3      | 1857 ||| FLEEEEING.
  1858 | D:3      | 1858 ||| FLEEEEING.
  1859 | D:3      | 1859 ||| FLEEEEING.
  2082 | D:3      | Found a stormy altar of Qazlal.
  2320 | D:3      | Reached XP level 4. HP: 25/25 MP: 6/6
  2368 | D:3      | Noticed Grinder
  2381 | D:3      | Paralysed by Grinder for 4 turns
  2383 | D:3      | Slain by Grinder

Levels and vault maps discovered:
D:1:      dpeg_arrival_chambers_temple_mockup, layout_loops_ring, serial_shops,
          nicolae_shop_waterfront
D:2:      minmay_angry_zag, layout_loops_corners
D:3:      layout_basic, nicolae_tso_swordbearing_angel,
          nicolae_elyvilon_temple_path, nicolae_qazlal_scattered_showers,
          minmay_randomly_rotated_circles, uniq_grinder

Skill      XL: |  1  2  3 |
---------------+----------+-----
Ranged Weapons | 6 7 |  7.6
Fighting       | |  1.5
Dodging        | |  2.4
Stealth        | |  1.2

Action                     |  1- 3 |  4- 6 || total
---------------------------+-------+-------++-------
   Fire: Shortbow          |    91 |    13 ||   104
    Use: Scroll            |     8 |       ||     8
 Armour: Ring mail         |    11 |     1 ||    12
  Dodge: Dodged            |     6 |     3 ||     9

Table legend:
 A = Non-vault XP
 B = Vault XP
 C = Vault XP percentage of total XP
 D = Non-vault monster count
 E = Vault monster count
 F = Vault count percentage of total count
                 A         B        C        D         E       F
            +---------+---------+-------+---------+---------+-------
      Total |      95 |      17 |  15.2 |      33 |       4 |  10.8
            +---------+---------+-------+---------+---------+-------
        D:1 |       9 |       0 |   0.0 |       4 |       0 |   0.0
        D:2 |      37 |      17 |  31.5 |      15 |       4 |  21.1
        D:3 |      49 |       0 |   0.0 |      14 |       0 |   0.0
            +---------+---------+-------+---------+---------+-------
